 Dungeon Crawl Stone Soup version 0.22-a0-79-g605b837 (webtiles) character file.

92 oplop the Chiller (level 4, -4/28 HPs)
             Began as an Octopode Ice Elementalist on Jan 17, 2018.
             Slain by a worm (7 damage)
             ... on level 3 of the Dungeon.
             The game lasted 00:02:58 (1770 turns).

oplop the Chiller (Octopode Ice Elementalist)       Turns: 1770, Time: 00:02:59

Health: -4/28      AC:  1    Str:  7    XL:     4   Next: 60%
Magic:  3/8        EV: 13    Int: 18    God:
Gold:   137        SH:  0    Dex: 12    Spells: 5/9 levels left

rFire    . . .     SeeInvis .   h - +0 short sword
rCold    . . .     Gourm    .   (no shield)
rNeg     . . .     Faith    .   (helmet restricted)
rPois    .         Spirit   .   (no amulet)
rElec    .         Reflect  .   (no ring)
rCorr    .         Harm     .   (no ring)
MR       .....                  (no ring)
Stlth    +++.......             (no ring)
HPRegen  0.09/turn              (no ring)
MPRegen  0.11/turn              (no ring)
                                (no ring)
                                (no ring)

@: no status effects
A: almost no armour, stealthy swim, amphibious, 8 rings, constrict 8, camouflage
1, gelatinous body 1
a: no special abilities


You were on level 3 of the Dungeon.
You were hungry.

You visited 1 branch of the dungeon, and saw 3 of its levels.

You collected 137 gold pieces.

Inventory:

Hand Weapons
 h - a +0 short sword (weapon)
Scrolls
 i - 3 scrolls of identify {unknown}
 k - 3 scrolls of fear {unknown}
Potions
 c - a potion of resistance {unknown}
 d - 3 potions of heal wounds {unknown}
 e - a potion of curing {unknown}
 f - a potion of degeneration {unknown}
 g - a potion of haste {unknown}
 j - a potion of lignification {unknown}
 l - a potion of invisibility {unknown}
Books
 a - a book of Frost

   Spells                             Type                      Level
   a - Freeze                         Ice                          1
   b - Throw Frost                    Conjuration/Ice              2
   c - Ozocubu's Armour               Charms/Ice                   3
   d - Throw Icicle                   Conjuration/Ice              4
   e - Summon Ice Beast               Ice/Summoning                4
Comestibles
 b - 4 rations


   Skills:
 + Level 1.3 Fighting
 + Level 2.5 Dodging
 - Level 2.6 Stealth
 * Level 3.0 Spellcasting
   Level 1.0 Conjurations
 * Level 3.8 Ice Magic


You had 5 spell levels left.
You knew the following spells:

 Your Spells              Type           Power        Failure   Level  Hunger
a - Freeze                Ice            ###.         3%          1    None
b - Ozocubu's Armour      Chrm/Ice       #.......     22%         3    ###....


Dungeon Overview and Level Annotations

Branches:
Dungeon (3/15)

Altars:
Yredelemnul


Innate Abilities, Weirdness & Mutations

You cannot wear most types of armour.
You are very stealthy in the water. (Stealth+)
You are amphibious.
You can wear up to eight rings at the same time.
You can use your tentacles to constrict eight enemies at once.
Your skin changes colour to match your surroundings (Stealth+).
Your rubbery body absorbs attacks. (AC +1, EV +1)


Message History

The worm is heavily wounded.
You constrict the worm. The worm bites you!
* * * LOW HITPOINT WARNING * * *
Casting: Freeze
Confirm with . or Enter, or press ? or * to list all spells.
Aiming: Freeze
Press: ? - help, Shift-Dir - straight line, f/p - worm
Aim: a worm (heavily wounded, constricted by you)
You freeze the worm.
The worm is severely wounded.
You constrict the worm.
Casting: Freeze
Confirm with . or Enter, or press ? or * to list all spells.
Aiming: Freeze
Press: ? - help, Shift-Dir - straight line, f/p - worm
Aim: a worm (severely wounded, constricted by you)
You freeze the worm.
The worm is severely wounded.
You constrict the worm. The worm bites you!
You die...

### ## #.#
..###.### ..#.....#
####### ..#.#.#.#
#.....# ..+.....#
#.###.#
..#...#######.#.#.#
............#.#.@.#
...########.#.#w###
###.....# #.#.#.
###.###.# #.#.#.
....# #.#.#. #.###
#...#. ..# ######
###


You could see a worm.

Vanquished Creatures
  5 adders
  A worm (D:2)
  A dart slug (D:2)
  A leopard gecko (D:1)
  4 bats
  A giant cockroach (D:2)
  4 goblins (D:2)
  6 hobgoblins
  5 jackals
  3 kobolds
  A quokka (D:2)
  A ball python (D:1)
  2 frilled lizards
  4 rats
39 creatures vanquished.

Notes
Turn   | Place    | Note
-------+----------+-------------------------------------------
     0 | D:1      | oplop the Octopode Ice Elementalist began the quest for the Orb.
     0 | D:1      | Reached XP level 1. HP: 11/11 MP: 3/3
   102 | D:1      | Reached XP level 2. HP: 10/17 MP: 5/5
  1007 | D:2      | Reached XP level 3. HP: 15/22 MP: 3/6
  1244 | D:1      | Learned a level 3 spell: Ozocubu's Armour
  1319 | D:2      | Reached skill level 1 in Fighting
  1516 | D:2      | Found a basalt altar of Yredelemnul.
  1520 | D:2      | Reached XP level 4. HP: 26/28 MP: 5/8
  1770 | D:3      | Slain by a worm

Vault maps used:
D:1:      saegor_arrival_simple_e
D:2:      nicolae_overflow_crystal_walls, first_ration
D:3:      ashenzari_altar_1, nrook_loot_triangle, uniq_crazy_yiuf_cottage

Skill      XL: |  1  2  3  4 |
---------------+-------------+-----
Fighting       | 1 |  1.3
Spellcasting   | 3 |  3.0
Dodging        | |  2.5
Stealth        | |  2.6
Conjurations   | |  1.0
Ice Magic      | |  3.8

Action                   |  1- 3 |  4- 6 || total
-------------------------+-------+-------++-------
Melee: Unarmed           |    28 |       ||    28
       Constrict         |    19 |     5 ||    24
       Tentacles         |     8 |     1 ||     9
       Short sword       |    23 |    16 ||    39
 Cast: Freeze            |    23 |    10 ||    33
 Stab: Sleeping          |     7 |     4 ||    11
  Eat: Chunk             |     2 |       ||     2
Armor: Skin              |    12 |     2 ||    14
Dodge: Dodged            |    46 |    14 ||    60

Table legend:
 A = Spawn XP
 B = Non-spawn XP
 C = Spawn XP percentage of total XP
 D = Spawn monster count
 E = Non-spawn monster count
 F = Spawn count percentage of total count
 G = Total turns spent on level
                    A         B        C        D         E        F      G
               +---------+---------+-------+---------+---------+-------+---------
         Total |       0 |     132 |   0.0 |       0 |      39 |   0.0 |  1770
               +---------+---------+-------+---------+---------+-------+---------
           D:1 |       0 |      19 |   0.0 |       0 |      11 |   0.0 |  1048
           D:2 |       0 |      97 |   0.0 |       0 |      25 |   0.0 |   645
           D:3 |       0 |      16 |   0.0 |       0 |       3 |   0.0 |    77
               +---------+---------+-------+---------+---------+-------+---------
